cohdb
Replays
Latest Replays
All Replays
Popular Replays
Top Player Replays
Match Explorer
How It Works
Community
CoH3 Stats
Reddit
Sign in to upload your games and track your stats! →
Sign in with Steam
Match 42532987
Unlisted
Match 42532987
Overview
Messages
Build Orders
End
Panzergrenadier Squad
Kradschützen Motorcycle Team
Panzergrenadier Squad
Construct Light Support Kompanie
MG34 Team
Fire Support Elements
2.5-tonne Medical Truck
Flakvierling Half-track
Selects Armored Support Battlegroup
Selects Superior Fire Drills
Construct Mechanized Kompanie
StuG III D Assault Gun
Vehicle Survival Package
Veteran Squad Leaders
Tungsten Core Ammunition
Selects Flammpanzer III Medium Tank
Marder III Tank Destroyer
Forward Retreat Point
Selects Command Panzer IV F Medium Tank
Command Panzer IV F Medium Tank
Selects Salvage Kits
Emergency Repair Kits
Construct Panzerarmee Kommand
Selects Panzer Storm
Panzerpioneer Squad
Walking Stuka Rocket Launcher
Armored Reserves
Selects Stuka Anti-tank Loiter
Keos
Pioneer
209
Jd577
Ulysses
Black Baron
narrzilla
Ikaiserrr
0
0
Comments
sign in to comment!
No comments posted yet!